 Dungeon Crawl Stone Soup version 0.27-a0-1591-gc56fcc985a (webtiles) character file.

Game seed: 4851980578407098799

75817 Froggeryz the Spry (level 15, -5/112 HPs)
             Began as a Felid Berserker on July 16, 2021.
             Was the Champion of Trog.
             Hit by a boomerang thrown by a merfolk (16 damage)
             ... on level 3 of the Shoals on July 18, 2021.
             The game lasted 00:59:15 (46680 turns).

Froggeryz the Spry (Felid Berserker)               Turns: 46680, Time: 00:59:16

Health: -5/112     AC:  3    Str: 13    XL:     15   Next: 10%
Magic:  0/16       EV: 35    Int: 10    God:    Trog [******]
Gold:   1156       SH:  0    Dex: 21    Spells: 14/14 levels left
                                        Lives:  0   Deaths: 4

rFire    . . .     SeeInvis +     - Unarmed
rCold    + . .     Faith    .   (shield unavailable)
rNeg     . . .     Spirit   +   (armour unavailable)
rPois    +         Reflect  .   (helmet unavailable)
rElec    .         Harm     .   (cloak unavailable)
rCorr    .         Rampage  .   (gloves unavailable)
Will     +++..                  (boots unavailable)
Stlth    ..........             e - amulet of guardian spirit
HPRegen  0.28/turn              s - ring of willpower
MPRegen  0.15/turn              u - ring of poison resistance

@: berserking, very quick
A: very small, claws 1, fangs 3, see invisible, speed 1, shaggy fur 3, stealthy
paws, no weapons or thrown items, no armour, multi-lived
a: Renounce Religion, Berserk, Trog's Hand, Brothers in Arms


You were on level 3 of the Shoals.
You worshipped Trog.
Trog was exalted by your worship.
You visited 5 branches of the dungeon, and saw 27 of its levels.
You also visited: Sewer and Ossuary.

You collected 2625 gold pieces.
You spent 1469 gold pieces at shops.

Inventory:

Jewellery
 e - an amulet of guardian spirit (around neck)
 m - the ring "Maqotith" {rF+ Int+4}
   (You bought it in a shop on level 2 of the Orcish Mines)

   [ring of protection from fire]

   Int:       It affects your intelligence (+4).
   rF:        It protects you from fire.
 s - a ring of willpower (left paw)
 u - a ring of poison resistance (right paw)
 v - a ring of ice
 H - an amulet of regeneration
Wands
 h - a wand of flame (109)
 l - a wand of iceblast (4)
 t - a wand of polymorph (35)
 G - a wand of acid (10)
Scrolls
 a - 5 scrolls of magic mapping
 d - 6 scrolls of fog
 i - 20 scrolls of teleportation
 r - 2 scrolls of silence
 y - 2 scrolls of holy word
 B - a scroll of immolation
 C - 2 scrolls of identify
Potions
 b - 5 potions of resistance
 c - 9 potions of curing
 f - 3 potions of cancellation
 g - 7 potions of flight
 j - 3 potions of attraction {unknown}
 k - 3 potions of mutation
 n - 3 potions of ambrosia {unknown}
 o - 4 potions of haste
 p - 3 potions of brilliance {unknown}
 q - 3 potions of invisibility
 w - 5 potions of might {unknown}
 x - a potion of magic
 z - 2 potions of berserk rage
 A - 3 potions of heal wounds


   Skills:
 + Level 14.2 Fighting
 - Level 19.0 Dodging
 - Level 13.4 Stealth
 * Level 18.7 Unarmed Combat
 - Level 4.3 Evocations


You had 14 spell levels left.
You didn't know any spells.
Your spell library was empty.

Dungeon Overview and Level Annotations

Branches:
Dungeon (15/15)            Temple (0/1) D:6            Lair (6/6) D:8
 Shoals (3/4) Lair:3        Snake (1/4) Lair:2        Slime (0/5) Lair:5
    Orc (2/2) D:9             Elf (0/3) Orc:2        Vaults (0/5) D:13
 Depths (0/5) D:15          Sewer (visited)         Ossuary (visited)

Altars:
Ashenzari
Elyvilon
Gozag
Hepliaklqana
Makhleb
Okawaru
Sif Muna
Uskayaw
Vehumet
Wu Jian
Zin
Beogh

Shops:
D:10 [   D:12 :   D:15 :   Orc:2 *==*

Annotations:
Lair:3 exclusion: 4 oklob plants
Lair:5 exclusion: 3 oklob plants
Lair:6 exclusions: 2 lindwurms and 8 more exclusions
Shoals:1 1 runed translucent door, Raweicza's ghost, adept MiBe
Shoals:3 Roxanne


Innate Abilities, Weirdness & Mutations

You have sharp claws.
You have razor-sharp teeth.
You have supernaturally acute eyesight. (SInv)
You cover ground quickly. (Speed+)
Your thick and shaggy fur keeps you warm. (AC +3, rC+)
Your paws help you pounce on unaware monsters.
You are incapable of wielding weapons or throwing items.
You cannot wear armour.
You gain extra lives every three experience levels.


Message History

The merfolk javelineer throws a javelin.
The javelin pierces through you!!
The javelin pierces through the plant!!
You barely miss the merfolk javelineer.
Your bite misses the merfolk javelineer.
You completely miss the merfolk javelineer.
You bite the merfolk javelineer.
The merfolk javelineer is lightly wounded.
The merfolk barely misses you.
The merfolk javelineer throws a javelin.
The javelin completely misses you.
The javelin pierces through the plant!
You scratch the merfolk javelineer.
The merfolk javelineer is lightly wounded.
The merfolk hits you from afar with a +2 trident of freezing!!
You mangle the merfolk javelineer!!
The merfolk javelineer is heavily wounded.
The merfolk hits you from afar with a +0 trident!!
* * * LOW HITPOINT WARNING * * *
The merfolk javelineer throws a javelin.
The javelin misses you.
The javelin pierces through the plant!
You closely miss the merfolk javelineer.
You claw the merfolk javelineer!
The merfolk javelineer is severely wounded.
A nearby plant withers and dies.
The merfolk hits you from afar with a +2 trident of freezing!
* * * LOW HITPOINT WARNING * * *
The merfolk freezes you.
* * * LOW HITPOINT WARNING * * *
You barely miss the merfolk javelineer. You claw the merfolk javelineer.
The merfolk javelineer is severely wounded.
The merfolk javelineer throws a javelin.
The javelin barely misses you. The merfolk completely misses you.
You mangle the merfolk javelineer!!
You feel the power of Trog in you as your rage grows.
You kill the merfolk javelineer!
Trog accepts your kill. The merfolk misses you.
You claw the merfolk! You bite the merfolk!
The merfolk is moderately wounded.
The merfolk throws a boomerang.
The boomerang hits you!!
You die...

≈≈≈PP≈≈≈≈≈P≈≈≈≈≈
≈≈≈≈PPP≈≈≈≈≈≈≈≈≈≈≈≈
≈≈≈≈P≈P≈≈≈≈≈PP≈≈≈≈≈
≈≈≈≈≈≈≈≈.P.≈≈≈≈≈≈≈≈
≈≈≈≈≈≈≈≈...≈P≈≈≈≈≈≈
≈≈≈≈≈≈≈≈.m.≈≈PPP≈≈≈
≈≈≈≈≈≈≈≈..>≈≈PPPP≈≈
≈≈≈≈≈≈≈≈).@!≈≈≈≈PP≈
≈≈≈≈≈....##m≈≈≈PP≈≈
≈≈≈≈.......≈≈≈≈≈≈≈≈
≈≈≈≈........≈≈≈≈≈≈≈
≈≈≈≈.........≈≈≈≈≈≈
≈≈≈≈...........≈≈≈≈
≈≈≈≈............≈≈≈
≈≈≈≈≈...........≈P≈
≈≈≈≈≈≈...........≈≈


You could see 2 merfolk.

Vanquished Creatures
  Frances (Shoals:2)
  An orc warlord (Orc:1)
  A stone giant (D:15)
  A merfolk javelineer (Shoals:3)
  Josephine (D:14)
  A fire dragon (Lair:6)
  A yaktaur captain (D:13)
  A merfolk impaler (Shoals:2)
  A rakshasa (D:14)
  Harold (Lair:2)
  4 boulder beetles
  Fannar (D:10)
  8 centaur warriors
  An ogre mage (D:15)
  10 hydras
  16 two-headed ogres
  A merfolk avatar (Shoals:2)
  A death knight (D:15)
  A merfolk aquamancer (Shoals:1)
  2 tengu warriors (D:15)
  4 death yaks
  The ghost of boben the Skirmisher, a novice DsFi (D:7)
  2 sea snakes
  2 skeletal warriors (D:15)
  A glowing orange brain (shapeshifter) (D:14)
  5 deep elf pyromancers
  A wizard (D:14)
  7 orc knights
  An oklob plant (Lair:1)
  15 harpies
  2 wolf spiders (Lair:6)
  An orc sorcerer (Orc:2)
  15 fauns
  8 cyclopes
  13 elephants
  12 manticores
  A centaur zombie (D:10)
  2 merfolk sirens
  3 ugly things
  A guardian serpent (Lair:6)
  A gargoyle (D:12)
  15 cane toads
  10 black mambas
  An unseen horror (D:11)
  2 yaktaurs (D:13)
  4 rime drakes
  2 kobold demonologists
  14 komodo dragons
  A tengu conjurer (D:14)
  A freezing wraith (D:15)
  7 merfolk
  A hornet (shapeshifter) (D:13)
  3 hornets
  2 polar bears
  A queen bee (shapeshifter) (D:15)
  2 wind drakes (Shoals:2)
  4 trolls
  30 blink frogs
  15 slime creatures
  4 snapping turtles
  9 dream sheep
  2 redbacks (Lair:6)
  3 water elementals
  A vampire (D:8)
  33 yaks
  A yak (shapeshifter) (D:14)
  6 wraiths
  3 shadows
  2 humans (D:9)
  14 vampire mosquitoes
  2 basilisks (Lair:4)
  10 wyverns
  6 steam dragons
  11 wargs
  An acid dragon (D:11)
  27 water moccasins
  A sky beast (D:6)
  2 swamp drakes (Lair:6)
  44 orc warriors
  An ice beast (D:8)
  5 wolves (Lair:3)
  12 centaurs
  The ghost of Morbidden the Covered, an amateur DsFi (D:3)
  15 ogres
  An elf zombie (Ossuary)
  5 kobold brigands
  Blork the orc (D:4)
  9 bullfrogs
  A wyvern zombie (D:8)
  4 gnoll sergeants
  4 scorpions
  A water moccasin zombie (D:5)
  A water moccasin skeleton (D:5)
  An elephant simulacrum (Lair:1)
  3 killer bees (D:9)
  7 howler monkeys
  5 wights (D:8)
  4 electric eels
  17 orc priests
  2 hounds
  7 iguanas
  2 gnoll shamans (D:7)
  12 hell rats
  Ijyb (D:3)
  27 orc wizards
  2 killer bee zombies
  2 wolf simulacra (Lair:1)
  A hound skeleton (D:3)
  3 mummies (Ossuary)
  Robin (D:1)
  A howler monkey skeleton (D:5)
  A howler monkey zombie (D:7)
  27 gnolls
  7 adders
  3 river rats (Sewer)
  A shadow imp (D:6)
  A white imp (D:6)
  An ufetubus (D:6)
  2 adder zombies (Ossuary)
  4 worms
  5 dart slugs
  104 orcs
  14 ball pythons
  5 endoplasms
  9 giant cockroaches
  4 gnoll zombies (Ossuary)
  18 goblins
  5 hobgoblins
  9 jackals
  6 quokkas
  5 bats
  6 frilled lizards
  2 goblin zombies (Ossuary)
  A hobgoblin zombie (Ossuary)
  20 kobolds
  5 kobold zombies (Ossuary)
  2 quokka zombies (Ossuary)
  7 rats
  A rat zombie (Ossuary)
884 creatures vanquished.

Vanquished Creatures (collateral kills)
  An alligator snapping turtle (Shoals:2)
  A sea snake (Shoals:2)
  A swamp dragon (Lair:6)
  An orc knight (Orc:2)
  A black mamba (Lair:6)
  A merfolk siren (Shoals:2)
  A snapping turtle (Shoals:2)
7 creatures vanquished.

Vanquished Creatures (others)
  2 orcs
  A butterfly (Lair:3)
  44 fungi
  154 plants
201 creatures vanquished.

Grand Total: 1092 creatures vanquished

Notes
Turn   | Place    | Note
-------+----------+-------------------------------------------
     0 | D:1      | Froggeryz the Felid Berserker began the quest for the Orb.
     0 | D:1      | Reached XP level 1. HP: 10/10 MP: 2/2
   279 | D:1      | Reached XP level 2. HP: 14/14 MP: 3/3
  1186 | D:1      | Reached XP level 3. HP: 10/17 MP: 4/4
  2364 | D:2      | Reached ** piety under Trog
  2672 | D:2      | Reached XP level 4. HP: 14/21 MP: 5/5
  2699 | D:2      | Reached skill level 5 in Unarmed Combat
  2874 | D:2      | Noticed Robin
  3026 | D:1      | Killed Robin
  3235 | D:2      | Found an opulent altar of Gozag.
  3416 | D:2      | Reached *** piety under Trog
  3657 | D:3      | Found a hide-covered altar of Uskayaw.
  3698 | D:3      | Reached skill level 1 in Stealth
  3698 | D:3      | Reached XP level 5. HP: 22/24 MP: 6/6
  3832 | D:3      | Noticed Ijyb
  3847 | D:3      | Killed Ijyb
  4039 | D:3      | Found a transporter.
  4045 | D:3      | Noticed an ogre
  4045 | D:3      | Noticed Morbidden's ghost (amateur DsFi)
  4045 | D:3      | Identified the +6 great mace of Qyalehol {pain, Int+2}
  4045 | D:3      | Noticed an ogre
  4046 | D:3      | Noticed an ogre
  4052 | D:3      | Found a transporter.
  4119 | D:3      | Found a radiant altar of Vehumet.
  4672 | D:4      | Noticed Blork the orc
  4681 | D:4      | Killed Blork the orc
  4685 | D:4      | Gained mutation: You are covered in thick fur. (AC +2)
                  | [Felid growth]
  4685 | D:4      | Reached XP level 6. HP: 15/28 MP: 4/7
  5187 | D:4      | Found a glowing drain.
  5201 | Sewer    | Entered a sewer
  5373 | Sewer    | Found a white marble altar of Elyvilon.
  5498 | D:4      | Reached XP level 7. HP: 13/31 MP: 3/8
  5992 | D:4      | Reached **** piety under Trog
  6508 | D:4      | Noticed a two-headed ogre
  6649 | D:4      | Killed a two-headed ogre
  6650 | D:4      | Reached skill level 5 in Dodging
  6650 | D:4      | Reached XP level 8. HP: 18/34 MP: 3/9
  6932 | D:4      | Reached skill level 6 in Dodging
  7035 | D:5      | Entered Level 5 of the Dungeon
  7208 | D:5      | Found a sand-covered staircase.
  7284 | Ossuary  | Entered an ossuary
  7609 | D:5      | Found a shimmering blue altar of Sif Muna.
  8221 | D:6      | Reached skill level 7 in Dodging
  8384 | D:6      | Found a staircase to the Ecumenical Temple.
  8474 | D:6      | Reached XP level 9. HP: 37/37 MP: 10/10
  8899 | D:6      | Reached skill level 10 in Unarmed Combat
  9059 | D:6      | Found a glowing silver altar of Zin.
  9424 | D:7      | Reached ***** piety under Trog
  9624 | D:7      | Noticed a two-headed ogre
  9632 | D:7      | Killed a two-headed ogre
  9633 | D:7      | Reached skill level 8 in Dodging
  9840 | D:7      | Found a transporter.
  9844 | D:7      | Found a transporter.
  9844 | D:7      | Noticed boben's ghost (novice DsFi)
  9845 | D:7      | Noticed a boulder beetle
 10344 | D:7      | Identified the +10 hunting sling of Cataclysm {flame, rN+
                  | Will- rCorr Dex+4}
 10368 | D:7      | Reached skill level 9 in Dodging
 10368 | D:7      | Reached XP level 10. HP: 43/43 MP: 8/11
 10524 | D:7      | Found a hazy altar of Hepliaklqana.
 10845 | D:8      | Reached skill level 5 in Fighting
 10877 | D:8      | Found a burning altar of Makhleb.
 10877 | D:8      | Noticed an Executioner
 11645 | D:8      | Noticed a two-headed ogre
 12044 | D:8      | Found a staircase to the Lair.
 12143 | D:8      | Killed a two-headed ogre
 12144 | D:8      | Reached skill level 10 in Dodging
 12904 | D:9      | Found a staircase to the Orcish Mines.
 12999 | D:9      | Noticed a two-headed ogre
 13018 | D:9      | Killed a two-headed ogre
 13185 | D:9      | Found an ornate altar of the Wu Jian Council.
 13213 | D:9      | Found a white marble altar of Elyvilon.
 13346 | D:9      | Noticed a two-headed ogre
 13642 | D:9      | Found an iron altar of Okawaru.
 13671 | D:9      | Killed a two-headed ogre
 13672 | D:9      | Reached XP level 11. HP: 47/49 MP: 7/12
 13920 | D:10     | Entered Level 10 of the Dungeon
 13933 | D:10     | Noticed a two-headed ogre
 13947 | D:10     | Killed a two-headed ogre
 13948 | D:10     | Reached skill level 11 in Dodging
 14714 | D:10     | Noticed Fannar
 14721 | D:10     | Killed Fannar
 14821 | D:10     | Found Ytadecef's Armour Shoppe.
 16411 | D:12     | Noticed a two-headed ogre
 16413 | D:12     | Killed a two-headed ogre
 16427 | D:12     | Noticed a two-headed ogre
 16446 | D:12     | Killed a two-headed ogre
 16511 | D:12     | Noticed a boulder beetle
 16516 | D:12     | Killed a boulder beetle
 16517 | D:12     | Reached skill level 12 in Dodging
 16517 | D:12     | Noticed a brown ugly thing
 16524 | D:12     | Killed a brown ugly thing
 16544 | D:12     | Noticed a two-headed ogre
 16768 | D:12     | Gained mutation: Your thick and shaggy fur keeps you warm.
                  | (AC +3, rC+) [Felid growth]
 16768 | D:12     | Reached XP level 12. HP: 31/55 MP: 4/13
 17261 | D:12     | Found Unetriergh's Book Emporium.
 17297 | D:12     | Killed a two-headed ogre
 17907 | Lair:1   | Entered Level 1 of the Lair of Beasts
 17907 | Lair:1   | Noticed a four-headed hydra
 17907 | Lair:1   | Found the +2 robe of Vines {NoPotionHeal Regen+++}
 17908 | Lair:1   | Noticed a seven-headed hydra
 17910 | Lair:1   | Found a frozen archway.
 17975 | Orc:1    | Entered Level 1 of the Orcish Mines
 18166 | Orc:1    | Reached skill level 10 in Stealth
 18538 | Orc:1    | Reached ****** piety under Trog
 19233 | Orc:2    | Entered Level 2 of the Orcish Mines
 19323 | Orc:2    | Reached skill level 1 in Evocations
 19789 | Orc:2    | Reached skill level 13 in Dodging
 19789 | Orc:2    | Reached skill level 15 in Unarmed Combat
 19917 | Orc:2    | Found a staircase to the Elven Halls.
 19937 | Orc:2    | Slain by an orc warrior
 19938 | Orc:2    | Reached XP level 11. HP: -1/51 MP: 0/12
 20088 | Orc:2    | Noticed an orc warlord
 20391 | Orc:2    | Noticed an orc knight
 20411 | Orc:2    | Killed an orc knight
 20770 | Orc:1    | HP: 2/76 [orc warlord (23)]
 20770 | Orc:1    | Slain by an orc warlord
 20771 | Orc:1    | Reached XP level 10. HP: -5/72 MP: 0/11
 20819 | Orc:1    | Killed an orc warlord
 21140 | Orc:1    | Reached XP level 11. HP: 27/52 MP: 5/12
 21822 | Orc:2    | Noticed an orc knight
 21824 | Orc:2    | an orc knight changed into an elephant
 22032 | Orc:2    | Noticed an orc knight
 22248 | Orc:2    | Noticed an orc knight
 22504 | Orc:2    | Killed an orc knight
 22737 | Orc:1    | Killed an orc knight
 23241 | Orc:2    | Noticed an orc knight
 23741 | Orc:2    | Killed an orc knight
 23882 | Orc:2    | Noticed an orc knight
 23959 | Orc:2    | Killed an orc knight
 23960 | Orc:2    | Found Hoommuca's Jewellery Emporium.
 23960 | Orc:2    | Found Jyloelewk's Assorted Antiques.
 23963 | Orc:2    | Noticed an orc knight
 23971 | Orc:2    | Killed an orc knight
 23972 | Orc:2    | Reached skill level 14 in Dodging
 24111 | Orc:2    | Bought a scroll labelled REHORH HAIZXO for 20 gold pieces
 24111 | Orc:2    | Bought a scroll of teleportation for 60 gold pieces
 24111 | Orc:2    | Bought a ruby potion for 18 gold pieces
 24308 | Orc:2    | Found Zodaxuci's General Store.
 24308 | Orc:2    | Found Axtisaan's Jewellery Boutique.
 24362 | Orc:2    | Bought the ring "Maqotith" {rF+ Int+4} for 686 gold pieces
 24362 | Orc:2    | Bought a ring of willpower for 425 gold pieces
 24420 | Orc:1    | Noticed an orc sorcerer
 24422 | Orc:1    | Noticed an orc knight
 24446 | Orc:2    | Killed an orc sorcerer
 24546 | Orc:1    | Killed an orc knight
 24741 | Orc:2    | Bought a ring of poison resistance for 260 gold pieces
 24871 | Lair:1   | Killed a seven-headed hydra
 24884 | Lair:1   | Noticed a four-headed hydra
 24920 | Lair:1   | Killed a four-headed hydra
 24921 | Lair:1   | Reached XP level 12. HP: 57/57 MP: 9/13
 25071 | Lair:1   | Killed a four-headed hydra
 25174 | Lair:1   | Reached skill level 15 in Dodging
 26053 | Lair:2   | Found a staircase to the Snake Pit.
 26056 | Lair:2   | Noticed a five-headed hydra
 26067 | Lair:2   | Killed a five-headed hydra
 26456 | Lair:2   | Noticed Harold
 26474 | Lair:2   | Noticed a five-headed hydra
 26483 | Lair:2   | Killed Harold
 26484 | Lair:2   | Reached skill level 10 in Fighting
 27376 | Lair:2   | Killed a five-headed hydra
 27413 | Lair:3   | Reached skill level 16 in Dodging
 27552 | Lair:3   | Found a staircase to the Shoals.
 27857 | Lair:3   | Reached XP level 13. HP: 38/62 MP: 10/14
 30138 | Lair:4   | Reached skill level 17 in Dodging
 31087 | Lair:5   | Found a staircase to the Slime Pits.
 31683 | Lair:6   | Entered Level 6 of the Lair of Beasts
 32252 | Lair:6   | Reached skill level 18 in Dodging
 32279 | Lair:6   | Reached XP level 14. HP: 27/67 MP: 8/15
 34731 | Lair:6   | Reached skill level 19 in Dodging
 35221 | D:8      | Upgraded the game from 0.27-a0-1559-g299f9947c5 to
                  | 0.27-a0-1572-gacd6f1ce93
 35662 | D:13     | Found a gate to the Vaults.
 35931 | D:13     | Found a broken altar of Ashenzari.
 36312 | D:13     | Slain by a seven-headed hydra
 36313 | D:13     | Reached XP level 13. HP: -1/96 MP: 0/14
 37174 | D:14     | Reached XP level 14. HP: 69/69 MP: 11/15
 37956 | D:14     | HP: 2/69 [centaur warrior (8)]
 37958 | D:14     | Mangled by a centaur warrior
 37959 | D:14     | Reached XP level 13. HP: -7/97 MP: 0/14
 38142 | D:14     | Upgraded the game from 0.27-a0-1572-gacd6f1ce93 to
                  | 0.27-a0-1586-gd5c625afe7
 38394 | D:14     | Noticed Josephine
 38457 | D:14     | Killed Josephine
 39068 | D:15     | Entered Level 15 of the Dungeon
 39774 | D:15     | Found Juluufu's Book Shop.
 39958 | D:15     | Reached XP level 14. HP: 70/70 MP: 15/15
 40479 | D:15     | Found a staircase to the Depths.
 40479 | D:15     | Noticed a stone giant
 40482 | D:15     | Killed a stone giant
 40990 | Shoals:1 | Entered Level 1 of the Shoals
 41723 | Shoals:1 | Found a runed translucent door.
 41764 | Shoals:1 | Noticed Raweicza's ghost (adept MiBe)
 42164 | D:3      | Killed Morbidden's ghost
 42349 | D:7      | Killed boben's ghost
 42502 | D:7      | Upgraded the game from 0.27-a0-1586-gd5c625afe7 to
                  | 0.27-a0-1591-gc56fcc985a
 42612 | Snake:1  | Entered Level 1 of the Snake Pit
 43907 | Shoals:2 | Noticed Frances
 44268 | Shoals:2 | Killed Frances
 45790 | Shoals:2 | Reached XP level 15. HP: 68/75 MP: 13/16
 46590 | Shoals:3 | Noticed Roxanne
 46680 | Shoals:3 | Hit by a boomerang thrown by a merfolk

Illustrated notes

Levels and vault maps discovered:
D:1:      erik_arrival_cave_to_civilisation [erik_arrival_cave_to_hall],
          layout_basic
D:2:      minmay_chambers_of_twos, layout_rooms, basic_altar, uniq_robin
D:3:      layout_loops_ring, nicolae_uskayaw_murder_on_the_dancefloor,
          mainiacjoe_overflow_concentric_impassable, gammafunk_ghost_smash,
          minmay_shallow_snake_nest, uniq_ijyb
D:4:      layout_loops_ring, gup_sewer_entry_bubbles, uniq_blork_the_orc
D:5:      layout_loops_ring, mainiacjoe_overflow_six_doors_small,
          nicolae_ossuary_entry_false_entrances, grunt_decor_resistance
D:6:      layout_basic, zin_treasury, minmay_temple_entry_statues_pillars
D:7:      layout_loops_ring, nzn_hepliaklqana_mist_gate, gammafunk_ghost_arena,
          serial_bayou, serial_bayou_crossing, serial_bayou_shore_b,
          serial_bayou_lagoon_b, serial_bayou_shore_b
D:8:      layout_loops_ring, makhleb_altar_promises_db, david_lair_shrubbed,
          hangedman_decor_lopped, minmay_radiant
D:9:      layout_basic, mainiacjoe_overflow_cross_hatched, okawaru_humans,
          mainiacjoe_overflow_boulevard, orc_0_dummy
D:10:     layout_gridville, serial_shops, nicolae_shop_trees, minivault_19,
          chequers_serial_rivers_small_a, amethyst_killhole, uniq_fannar
D:11:     layout_layer_cave
D:12:     layout_gridville, serial_shops, nicolae_shop_statue_plus
D:13:     layout_grid_maze, david_vaults_2, evilmike_ruin_ashenzari
D:14:     wad_cavern_with_rooms, layout_cave_pools, minmay_holes, serial_glass,
          glass_columns_a, glass_columns_a, feat_on_display,
          due_unseen_surprise, kennysheep_kite_vault, uniq_josephine
D:15:     grunt_enter_depths_snipers, layout_layer_cave, serial_shops, shop
Lair:1:   layout_chaotic_city, portal_ice_cave_entry_ice_simulacra,
          hellmonk_guarded_unrand_vines
Lair:2:   layout_hall_layers, dummy_snake_entry, grunt_megastairs_3,
          lemuel_fruit_tree, uniq_harold
Lair:3:   layout_loops_ring, shoals_dummy_entry, lemuel_fruit_fields,
          minmay_lair_oklob_chamber
Lair:4:   layout_long_grid, minivault_23, minivault_26, guppyfry_lair_drakes,
          infiniplex_staircase_pool, serial_bayou_shore_b
Lair:5:   layout_loops_ring, minmay_slime_entry_oklob_open
Lair:6:   hangedman_lair_tendril_chambers, layout_long_grid,
          guppyfry_lair_end_dragon, minmay_lindwurm_lava
Shoals:1: layout_shoals, ebering_ghost_reflecting_pool
Shoals:2: layout_shoals, uniq_frances
Shoals:3: layout_shoals, uniq_ilsuiw, uniq_polyphemus, uniq_roxanne
Snake:1:  layout_gridlike, serial_shops, nicolae_take_the_stairs,
          nicolae_snake_guarding_the_ruins, serial_bayou_shore_a
Orc:1:    layout_caves
Orc:2:    st_orc_town, layout_caves

Skill      XL: |  1  2  3  4  5  6  7  8  9 10 11 12 13 14 |
---------------+-------------------------------------------+-----
Unarmed Combat | 4 5 6 7 8 9 11 12 14 15 17 18 | 18.7
Stealth        | 1 3 4 6 7 8 9 11 12 13 | 13.4
Dodging        | 5 7 9 10 14 16 18 19 | 19.0
Fighting       | 4 6 9 10 13 14 | 14.2
Evocations     | 3 4 1 |  4.3

Action                   |  1- 3 |  4- 6 |  7- 9 | 10-12 | 13-15 || total
-------------------------+-------+-------+-------+-------+-------++-------
Melee: Unarmed           |    94 |   192 |   283 |  1202 |  1380 ||  3151
       Bite              |     4 |    24 |    34 |   138 |   193 ||   393
       Punch             |     1 |     4 |    12 |   102 |   135 ||   254
Invok: Berserk           |     3 |     6 |     7 |    33 |    48 ||    97
       Trog's Hand       |       |     4 |       |     4 |    15 ||    23
       Brothers in Arms  |       |       |       |     2 |     3 ||     5
Evoke: Wand              |       |       |     6 |     9 |     7 ||    22
  Use: Scroll            |       |     4 |    10 |     7 |     8 ||    29
       Potion            |       |     1 |       |       |     1 ||     2
 Stab: Sleeping          |     2 |     3 |    18 |    28 |    37 ||    88
       Distracted        |       |       |     4 |     7 |     7 ||    18
       Confused          |       |       |       |       |     1 ||     1
Armor: Skin              |     2 |     6 |     6 |    27 |    45 ||    86
Dodge: Dodged            |    64 |   139 |   211 |  1160 |  1699 ||  3273

Table legend: (Time is in decaauts)
 A = Elapsed time spent in this place.
 B = Non-inter-level travel time spent in this place.
 C = Inter-level travel time spent in this place.
 D = Time resting spent in this place.
 E = Time spent auto-exploring this place.
 F = Levels seen in this place.
 G = Mean time per level.
                   A        B        C        D        E       F      G
               +--------+--------+--------+--------+--------+-----+--------+
         Total |  43075 |  41156 |   1919 |  15671 |  18543 |  29 | 1485.3 |
       Dungeon |  22405 |  21293 |   1112 |   6694 |  11449 |  15 | 1493.7 |
          Lair |  10245 |   9700 |    545 |   3239 |   4751 |   6 | 1707.5 |
        Shoals |   4274 |   4178 |     96 |   2369 |   1143 |   3 | 1424.7 |
     Snake Pit |      9 |      9 |      0 |      0 |      0 |   1 |    9.0 |
  Orcish Mines |   5680 |   5516 |    164 |   3254 |   1038 |   2 | 2840.0 |
         Sewer |    232 |    232 |      0 |     69 |     97 |   1 |  232.0 |
       Ossuary |    227 |    227 |      0 |     43 |     63 |   1 |  227.0 |
               +--------+--------+--------+--------+--------+-----+--------+

Top non-repeatable levels by time:
   Orc:1: 3917 daAuts
  Lair:6: 2778 daAuts
Shoals:1: 2533 daAuts
     D:1: 2322 daAuts
  Lair:3: 2313 daAuts
    D:14: 2032 daAuts
     D:7: 2023 daAuts
     D:9: 1899 daAuts
    D:13: 1848 daAuts
   Orc:2: 1762 daAuts
Shoals:2: 1715 daAuts
     D:8: 1663 daAuts
  Lair:2: 1634 daAuts
     D:3: 1557 daAuts
     D:4: 1555 daAuts
